 Dungeon Crawl Stone Soup version 0.30.0-15-g856e2d3f33 (webtiles) character file.

Game seed: 8482240649226602673

181 DemonSlayer the Magician (level 5, -12/35 HPs)
             Began as a Demonspawn Earth Elementalist on May 19, 2023.
             Was an Initiate of Dithmenos.
             Mangled by an ogre
             ... wielding a +0 giant club
              (25 damage)
             ... on level 4 of the Dungeon.
             The game lasted 00:04:58 (2969 turns).

DemonSlayer the Magician (DsEE)                     Turns: 2969, Time: 00:04:59

Health: -12/35     AC:  8    Str:  8    XL:     5   Next: 34%
Magic:  5/11       EV: 12    Int: 16    God:    Dithmenos [......]
Gold:   214        SH:  4    Dex: 16    Spells: 3/12 levels left

rFire   . . .        i - +0 dagger
rCold   . . .        (no shield)
rNeg    . . .        a - +0 robe
rPois   .            o - +0 helmet
rElec   .            q - +0 cloak
rCorr   +            (no gloves)
SInv    .            (no boots)
Will    .....        j - amulet of the acrobat
Stlth   ++           n - ring of resist corrosion
HPRegen 0.25/turn    p - +4 ring of protection
MPRegen 0.24/turn

%: acrobat
@: very slightly contaminated
A: claws 2, magic regeneration, condensation shield
a: Renounce Religion


You were on level 4 of the Dungeon.
You worshipped Dithmenos.
Dithmenos was noncommittal.
You visited 2 branches of the dungeon, and saw 5 of its levels.

You collected 214 gold pieces.

Inventory:

Hand Weapons
 i - a +0 dagger (weapon)
 s - a +0 triple sword
Armour
 a - a +0 robe (worn)
 o - a +0 helmet (worn)
 q - a +0 cloak (worn)
Jewellery
 j - an amulet of the acrobat (around neck)
 n - a ring of resist corrosion (left claw)
 p - a +4 ring of protection (right claw)
Scrolls
 c - 2 scrolls of teleportation {unknown}
 e - a scroll of enchant weapon {unknown}
 g - a scroll of fear {unknown}
 k - 3 scrolls of immolation {unknown}
 l - a scroll of vulnerability {unknown}
 m - a scroll of blinking {unknown}
 r - a scroll of poison {unknown}
 t - 2 scrolls of magic mapping {unknown}
Potions
 b - a potion of resistance
 d - 2 potions of mutation {unknown}
 f - a potion of lignification {unknown}
 h - 4 potions of curing {unknown}
 u - a potion of invisibility {unknown}
 v - a potion of heal wounds {unknown}


   Skills:
 + Level 2.2 Dodging
 + Level 1.9 Stealth
 + Level 4.0 Spellcasting
 + Level 0.8 Transmutations
 + Level 3.9 Earth Magic


You had 3 spell levels left.
You knew the following spells:

 Your Spells              Type           Power      Damage    Failure   Level
a - Sandblast             Erth           30%        2d9       3%          1
b - Stone Arrow           Conj/Erth      18%        3d8       22%         3
c - Passwall              Tmut/Erth      8%         N/A       10%         2
d - Mephitic Cloud        Conj/Pois/Air  3%         N/A       45%         3

Your spell library contained the following spells:

 Spells                   Type           Power      Damage    Failure   Level
 Sting                    Tmut/Pois      16%        1d3       14%         1
 Magic Dart               Conj           12%        1d3       17%         1
 Call Imp                 Summ           6%         N/A       26%         2
 Cigotuvi's Dreadful Rot  Necr/Pois/Air  6%         N/A       26%         2
 Poisonous Vapours        Pois/Air       6%         N/A       26%         2
 Petrify                  Tmut/Erth      10%        N/A       52%         4
 Blade Hands              Tmut           2%         N/A       97%         5
 Irradiate                Conj/Tmut      2%         3d12      98%         5
 Dragon Form              Tmut           2%         N/A       100%        7


Dungeon Overview and Level Annotations

Branches:
Dungeon (4/15)             Temple (1/1) D:4

Altars:
Cheibriados
Dithmenos
Fedhas
Gozag
Nemelex Xobeh
Okawaru
Qazlal
Ru
Trog
Vehumet
Wu Jian
Xom

Shops:
D:1 (


Innate Abilities, Weirdness & Mutations

You have very sharp fingernails.
You regenerate magic rapidly.
A meltable shield of frost defends you. (SH +4)


Message History

The adder bites you but does no damage. The adder closely misses you.
You closely miss the adder.
The adder is almost dead.
The adder bites you but does no damage.
You miscast Sandblast.
You are very lightly contaminated with residual magic.
Nothing appears to happen.
The adder misses you. The adder bites you but does no damage.
There are monsters nearby!
The blast of sand hits the adder!
You kill the adder!
Dithmenos accepts your kill.
Your Spellcasting skill increases to level 4!
The blast of sand hits the ogre.
The ogre is lightly wounded.
The ogre hits you with a +0 giant club!!
Ouch! That really hurt!
You are too injured to fight recklessly!
You are too injured to fight recklessly!
You are too injured to fight recklessly!
Casting: Sandblast (safe; 3% risk of failure)
Confirm with . or Enter, or press ? or * to list all spells.
Aiming: Sandblast (safe; 3% risk of failure)
Press: ? - help, Shift-Dir - straight line, f/p - ogre
Aim: an ogre, wielding a +0 giant club (lightly wounded, 91% to hit)
The blast of sand hits the ogre!
The ogre is heavily wounded.
The ogre barely misses you.
Unknown command.
Unknown command.
Casting: Sandblast (safe; 3% risk of failure)
Confirm with . or Enter, or press ? or * to list all spells.
Aiming: Sandblast (safe; 3% risk of failure)
Press: ? - help, Shift-Dir - straight line, f/p - ogre
Aim: an ogre, wielding a +0 giant club (heavily wounded, 91% to hit)
The blast of sand hits the ogre!
The ogre is almost dead.
The ogre hits you with a +0 giant club!!
Ouch! That really hurt!
You die...

#######. ... ########.
.... #######.......#.
....#####.............#.
........#.............#.
........#...............
........#........######.
........#........# ##.
......†@O........## #..
....###..#.....#...###..
....##..##.....##...##..
......##..#.#..##......
...#.##..##.##..##.....
.......)##...##........
...#.....).>.....)...>.
........##...##........
.....##..##.##..##.....


You could see an ogre.

Vanquished Creatures
  A hound (D:4)
  3 gnolls (D:4)
  4 adders
  A worm (D:3)
  3 dart slugs
  2 orcs (D:3)
  4 endoplasms (D:1)
  3 giant cockroaches
  7 goblins
  8 hobgoblins
  8 jackals
  9 kobolds
  4 quokkas
  5 ball pythons
  4 bats
  4 frilled lizards
  6 rats
76 creatures vanquished.

Notes
Turn   | Place    | Note
-------+----------+-------------------------------------------
     0 | D:1      | DemonSlayer the Demonspawn Earth Elementalist began the
                  | quest for the Orb.
     0 | D:1      | Reached XP level 1. HP: 13/13 MP: 3/3
    38 | D:1      | Got Eringya's Spellbook of Reformed Nausea
    64 | D:1      | Found Neimpacs's Antique Weapon Shoppe.
   169 | D:1      | Gained mutation: You have sharp fingernails. [demonic
                  | ancestry]
   169 | D:1      | Reached XP level 2. HP: 10/19 MP: 2/5
   715 | D:1      | Gained mutation: A meltable shield of frost defends you.
                  | (SH +4) [demonic ancestry]
   715 | D:1      | Reached XP level 3. HP: 24/24 MP: 2/7
  1191 | D:2      | Reached skill level 3 in Spellcasting
  1218 | D:2      | Found a blossoming altar of Fedhas.
  1628 | D:2      | Gained mutation: You have very sharp fingernails. [demonic
                  | ancestry]
  1628 | D:2      | Reached XP level 4. HP: 27/30 MP: 3/8
  1833 | D:3      | Learned a level 3 spell: Stone Arrow
  1836 | D:3      | Learned a level 2 spell: Passwall
  1840 | D:3      | Learned a level 3 spell: Mephitic Cloud
  2037 | D:3      | Found a shimmering altar of Xom.
  2419 | D:4      | Noticed an ogre
  2655 | D:4      | Found a staircase to the Ecumenical Temple.
  2666 | Temple   | Entered the Ecumenical Temple
  2874 | Temple   | Became a worshipper of Dithmenos the Shadowed
  2897 | D:4      | Gained mutation: You regenerate magic rapidly. [demonic
                  | ancestry]
  2897 | D:4      | Reached XP level 5. HP: 35/35 MP: 7/10
  2967 | D:4      | Reached skill level 4 in Spellcasting
  2969 | D:4      | Mangled by an ogre

Illustrated notes

Levels and vault maps discovered:
D:1:      reono_arrival_mine, layout_rooms, serial_shops, shop
D:2:      layout_loops_cross, basic_altar
D:3:      layout_rooms, mainiacjoe_overflow_brackets, kennysheep_nondescript,
          st_stairs_8
D:4:      layout_basic, minmay_temple_entry_waves
Temple:   eino_temple_water

Skill      XL: |  1  2  3  4  5 |
---------------+----------------+-----
Earth Magic    | 3 |  3.9
Dodging        | 2 |  2.2
Spellcasting   | 3 4 |  4.0
Stealth        | |  1.9
Transmutations | |  0.8

Action                     |  1- 3 |  4- 6 || total
---------------------------+-------+-------++-------
  Melee: Unarmed           |     8 |       ||     8
         Dagger            |    12 |    15 ||    27
   Cast: Sandblast         |    68 |    60 ||   128
    Use: Potion            |     1 |       ||     1
         Scroll            |     1 |       ||     1
 Armour: Robe              |    10 |    16 ||    26
  Dodge: Dodged            |    42 |    50 ||    92
  Block: Other             |     5 |    11 ||    16
